 Dungeon Crawl Stone Soup version 0.31-a0-167-g1c394c0614 (webtiles) character file.

Game seed: 6460783518379688355

116 qw the Chopper (level 5, -1/32 HPs)
             Began as a Gargoyle Fighter on June 14, 2023.
             Killed from afar by an orc wizard (6 damage)
             ... with a magic dart
             ... on level 3 of the Dungeon.
             The game lasted 00:01:04 (2084 turns).

qw the Chopper (Gargoyle Fighter)                   Turns: 2084, Time: 00:01:05

Health: -1/32      AC: 12    Str: 22    XL:     5   Next: 1%
Magic:  5/5        EV:  9    Int:  8    God:
Gold:   89         SH:  4    Dex:  9    Spells: 4/4 levels left

rFire   . . .        Y - +0 war axe
rCold   . . .        c - +0 buckler
rNeg    + . .        b - +0 scale mail
rPois   inf          (no helmet)
rElec   +            (no cloak)
rCorr   .            (no gloves)
SInv    .            k - +0 pair of boots
Will    .....        (no amulet) Stlth
                     (no ring)
HPRegen 0.25/turn    (no ring)
MPRegen 0.09/turn

%: no passive effects
@: no status effects
A: sickness immunity, AC +4, negative energy resistance 1, electricity
resistance, torment resistance 1, petrification resistance
a: no special abilities


You were on level 3 of the Dungeon.
You visited 1 branch of the dungeon, and saw 3 of its levels.

You collected 89 gold pieces.


Innate Abilities, Weirdness & Mutations

You are immune to sickness and miasma.
Your stone body is resilient. (AC +4)
You are immune to poison.
You resist negative energy. (rN+)
You are resistant to electric shocks. (rElec)
You are resistant to unholy torment.
You are immune to petrification.


   Skills:
 - Level 3.2 Fighting
 + Level 4.5 Axes
 - Level 3.2 Armour
 - Level 3.2 Shields


You had 4 spell levels left.
You didn't know any spells.
Your spell library was empty.

Inventory:

Hand Weapons
 i - a +0 flail
 Y - a +0 war axe (weapon)
Armour
 b - a +0 scale mail (worn)
 c - a +0 buckler (worn)
 k - a +0 pair of boots (worn)
Scrolls
 f - a scroll of teleportation {unknown}
Potions
 d - a potion of might
 e - 2 potions of resistance
 g - a potion of cancellation {unknown}
 h - a potion of curing {unknown}

Dungeon Overview and Level Annotations

Branches:
Dungeon (3/15)

Altars:
Qazlal

Shops:
D:1 =

Annotations:
D:2 1 runed translucent door, Crazy Yiuf


Message History

You hear some strange, mumbled words.
Something tries to affect you, but you resist.
The orc hits you with a +0 hand axe. Something hits you but does no damage.
The orc hits you but does no damage.
You hear some strange, mumbled words.
A magic dart appears from out of thin air!
The magic dart hits you. The orc closely misses you.
Something hits you but does no damage. The orc closely misses you.
You hear some strange, mumbled words.
Something tries to affect you, but you resist.
The orc barely misses you.
You hear some strange, mumbled words.
You are more confused.
The orc hits you with a +0 hand axe.
You hear some strange, mumbled words.
Something tries to affect you, but you resist.
The orc misses you. Something hits you but does no damage.
The orc completely misses you. Something hits you but does no damage.
Something hits you but does no damage. The orc barely misses you.
The orc hits you but does no damage. Something hits you but does no damage.
The orc hits you with a +0 hand axe. Something hits you.
The orc hits you with a +0 hand axe. Something hits you but does no damage.
The orc barely misses you. Something hits you. The orc closely misses you.
Something hits you.
You feel less confused. The orc hits you but does no damage.
Something hits you.
You slash the orc!
You kill the orc!
You hit something. Something hits you but does no damage.
You have reached level 5!
You miss something. Something hits you but does no damage.
You slash something!
An orc wizard appears from thin air!
Reactivating autopickup.
The orc wizard gestures at you while chanting.
The magic dart hits you.
You die...

########.#.#
#.#.# #.#.#
#.#.# ##.#.#
#....#
#..### #)o#
#@)# #..#
#..#
#######..#
.........#
##
########.#
#. ##.# #.
####..# #.
######'....#


You could see an orc wizard.

Vanquished Creatures
  Terence (D:3)
  4 gnolls (D:2)
  An adder (D:3)
  4 orcs (D:3)
  2 ball pythons
  5 bats
  A giant cockroach (D:1)
  4 goblins (D:1)
  3 hobgoblins
  2 jackals (D:2)
  2 quokkas (D:2)
  2 frilled lizards
  3 kobolds (D:1)
  6 rats
40 creatures vanquished.

Notes
Turn   | Place    | Note
-------+----------+-------------------------------------------
     0 | D:1      | qw the Gargoyle Fighter began the quest for the Orb.
     0 | D:1      | Reached XP level 1. HP: 14/14 MP: 1/1
     0 | D:1      | 0 ||| qw: Version: 0.2-a-29-g1fa15c8
     0 | D:1      | 0 ||| qw: Game counter: 5047
     0 | D:1      | 0 ||| qw: Always use a shield: true
     0 | D:1      | 0 ||| qw: God list: Okawaru
     0 | D:1      | 0 ||| qw: Allow faded altars: false
     0 | D:1      | 0 ||| qw: Do Orc after D:15 true
     0 | D:1      | 0 ||| qw: Do second Lair branch before Depths: true
     0 | D:1      | 0 ||| qw: Lair rune preference: random
     0 | D:1      | 0 ||| qw: Plans: Normal, Zot:1-4, Slime:5, God:TSO, Crypt,
                  | Tomb, Abyss, Pan, Hells, Win
     0 | D:1      | 0 ||| PLANNING D:1-11
    46 | D:1      | Reached skill level 2 in Axes
    59 | D:1      | 59 ||| DROPPING +0 club.
    83 | D:1      | Found Zuept's One-of-a-Kind Rings.
    89 | D:1      | 89 ||| SHOPLISTING +8 ring of evasion (1014 gold, have 0).
    89 | D:1      | 89 ||| SHOPLISTING ring of Anoem {rPois rF- Will+ rCorr}
                  | (387 gold, have 0).
    89 | D:1      | 89 ||| SHOPLISTING ring of the Tempest {rPois Int+6 Dex+3}
                  | (596 gold, have 0).
   178 | D:1      | Reached XP level 2. HP: 16/19 MP: 2/2
  1049 | D:1      | 1049 ||| UPGRADING to +0 pair of boots.
  1054 | D:1      | 1054 ||| READING scroll labelled VAMMODDIVVYSK.
  1066 | D:1      | 1066 ||| READING scroll labelled KEVEMM YVUMUN.
  1084 | D:2      | Found a stormy altar of Qazlal.
  1094 | D:2      | Reached skill level 3 in Axes
  1124 | D:2      | Found a runed translucent door.
  1125 | D:2      | Noticed Crazy Yiuf
  1211 | D:2      | Found a faded altar of an unknown god.
  1225 | D:2      | Reached XP level 3. HP: 23/23 MP: 3/3
  1338 | D:2      | 1338 ||| Stepping ~*~*~tactically~*~*~ (hiding).
  1355 | D:2      | Reached XP level 4. HP: 28/28 MP: 4/4
  1370 | D:2      | Reached skill level 4 in Axes
  1372 | D:2      | 1372 ||| DROPPING +0 mace.
  1379 | D:2      | 1379 ||| Stepping ~*~*~tactically~*~*~ (stealth).
  1381 | D:2      | 1381 ||| Stepping ~*~*~tactically~*~*~ (stealth).
  1797 | D:2      | 1797 ||| READING scroll labelled KERIEHUKH.
  1798 | D:2      | 1798 ||| DRINKING 3 ruby potions.
  1890 | D:3      | Noticed Terence
  1891 | D:3      | 1891 ||| Stepping ~*~*~tactically~*~*~ (stealth).
  1907 | D:3      | Killed Terence
  2013 | D:3      | 2013 ||| FLEEEEING.
  2014 | D:3      | 2014 ||| FLEEEEING.
  2015 | D:3      | 2015 ||| FLEEEEING.
  2016 | D:3      | 2016 ||| FLEEEEING.
  2017 | D:3      | 2017 ||| FLEEEEING.
  2018 | D:3      | 2018 ||| FLEEEEING.
  2020 | D:3      | 2020 ||| FLEEEEING.
  2021 | D:3      | 2021 ||| FLEEEEING.
  2022 | D:3      | 2022 ||| FLEEEEING.
  2023 | D:3      | 2023 ||| FLEEEEING.
  2024 | D:3      | 2024 ||| FLEEEEING.
  2029 | D:3      | 2029 ||| FLEEEEING.
  2031 | D:3      | 2031 ||| FLEEEEING.
  2032 | D:3      | 2032 ||| FLEEEEING.
  2033 | D:3      | 2033 ||| FLEEEEING.
  2034 | D:3      | 2034 ||| FLEEEEING.
  2035 | D:3      | 2035 ||| FLEEEEING.
  2036 | D:3      | 2036 ||| FLEEEEING.
  2037 | D:3      | 2037 ||| FLEEEEING.
  2058 | D:3      | HP: 7/28 [orc/+0 hand axe (4)]
  2059 | D:3      | 2059 ||| DRINKING potion of heal wounds.
  2080 | D:3      | HP: 6/28 [something (2)]
  2083 | D:3      | Reached XP level 5. HP: 4/32 MP: 5/5
  2084 | D:3      | Killed from afar by an orc wizard

Levels and vault maps discovered:
D:1:      spicycebolla_arrival_xxxplode, layout_basic, serial_corexii_hall,
          corexii_hall_statues_i, corexii_hall_statues_x,
          chequers_hall_statues_corner_a, chequers_hall_statues_wall_a,
          nicolae_shop_unique_rings, minmay_crystal_water, st_stairs_1
D:2:      layout_loops_cross, basic_altar, basic_ecumenical_altar,
          uniq_crazy_yiuf_cottage
D:3:      layout_loops_ring, mainiacjoe_overflow_swirl, minmay_ogre_servants,
          uniq_terence

Skill      XL: |  1  2  3  4 |
---------------+-------------+-----
Axes           | 2 3 4 |  4.5
Fighting       | |  3.2
Armour         | |  3.2
Shields        | |  3.2

Action                     |  1- 3 |  4- 6 || total
---------------------------+-------+-------++-------
  Melee: War axe           |    92 |    57 ||   149
    Use: Scroll            |     2 |     1 ||     3
         Potion            |       |     2 ||     2
 Armour: Scale mail        |    43 |    61 ||   104
  Dodge: Dodged            |    45 |    41 ||    86
  Block: Buckler           |    19 |     7 ||    26

Table legend:
 A = Non-vault XP
 B = Vault XP
 C = Vault XP percentage of total XP
 D = Non-vault monster count
 E = Vault monster count
 F = Vault count percentage of total count
                 A         B        C        D         E       F
            +---------+---------+-------+---------+---------+-------
      Total |     127 |      40 |  24.0 |      37 |       3 |   7.5
            +---------+---------+-------+---------+---------+-------
        D:1 |      25 |       4 |  13.8 |      17 |       2 |  10.5
        D:2 |      73 |       0 |   0.0 |      13 |       0 |   0.0
        D:3 |      29 |      36 |  55.4 |       7 |       1 |  12.5
            +---------+---------+-------+---------+---------+-------
